 Dungeon Crawl Stone Soup version 0.29-a0-1016-g236c7fd91e (webtiles) character file.

Game seed: 16149992753202151270

82 Maluco the Conjurer (level 4, 0/31 HPs)
             Began as a Human Conjurer on Aug 9, 2022.
             Slain by a gnoll
             ... wielding a +0 club
              (7 damage)
             ... on level 5 of the Dungeon.
             The game lasted 01:45:15 (3216 turns).

Maluco the Conjurer (Human Conjurer)                Turns: 3216, Time: 01:45:16

Health: 0/31       AC:  6    Str:  8    XL:     4   Next: 70%
Magic:  7/7        EV:  9    Int: 26    God:
Gold:   131        SH:  5    Dex: 11    Spells: 6/7 levels left

rFire   . . .      SeeInvis .   y - +0 rapier
rCold   . . .      Faith    .   g - +2 buckler
rNeg    . . .      Spirit   .   C - +0 ring mail
rPois   .          Reflect  .   (no helmet)
rElec   .          Harm     .   (no cloak)
rCorr   .          Rampage  .   D - +0 pair of gloves
Will    +....                   (no boots)
Stlth   +.........              (no amulet)
HPRegen 0.10/turn               f - +6 ring of intelligence
MPRegen 0.10/turn               k - ring of willpower

@: no status effects
A: no striking features
a: no special abilities


You were on level 5 of the Dungeon.
You visited 1 branch of the dungeon, and saw 5 of its levels.

You collected 131 gold pieces.

Inventory:

Hand Weapons
 b - a +0 dagger
 h - a +0 short sword
 j - a +0 club
 s - a +0 dagger
 t - a +0 club
 u - a +0 dagger
 x - a +0 dagger
 y - a +0 rapier (weapon)
 z - a +0 dagger
 A - a +0 whip
 F - a +0 dagger
 G - a +0 mace
 H - a +0 club
 I - a +0 dagger
 Q - a +0 dagger
 R - a +0 club
 S - a +0 hand axe
 T - a +0 short sword
 V - a +0 spear
 W - a +1 whip of electrocution
Missiles
 c - 29 stones
 E - 6 poisoned darts
Armour
 a - a +0 robe
 g - a +2 buckler (worn)
 l - a +0 robe
 m - a +0 ring mail
 C - a +0 ring mail (worn)
 D - a +0 pair of gloves (worn)
 L - a +0 helmet
 M - a +0 robe
 O - a +0 chain mail
 P - an orb of wrath
 U - a +0 ring mail
Jewellery
 f - a +6 ring of intelligence (left hand)
 k - a ring of willpower (right hand)
Scrolls
 o - a scroll of enchant armour {unknown}
 p - a scroll of torment {unknown}
 r - a scroll of identify {unknown}
 w - a scroll of immolation {unknown}
 K - a scroll of fog
 N - a scroll of summoning {unknown}
Potions
 d - a potion of flight {unknown}
 e - 3 potions of attraction {unknown}
 i - 2 potions of might {unknown}
 n - 3 potions of haste {unknown}
 q - a potion of mutation {unknown}
 v - a potion of lignification {unknown}
 B - a potion of heal wounds {unknown}
 J - a potion of resistance {unknown}


   Skills:
 + Level 0.9 Fighting
 * Level 0.3 Short Blades
 - Level 0.1 Armour
 + Level 2.4 Dodging
 + Level 2.2 Stealth
 + Level 2.3 Spellcasting
 * Level 5.0 Conjurations


You had 6 spell levels left.
You knew the following spells:

 Your Spells              Type           Power      Damage    Failure   Level
a - Magic Dart            Conj           100%       1d8       5%          1

Your spell library contained the following spells:

 Spells                   Type           Power      Damage    Failure   Level
 Searing Ray              Conj           58%        2d6       9%          2
 Dazzling Flash           Conj/Hex       32%        N/A       43%         3
 Fulminant Prism          Conj/Hex       8%         3d7       83%         4
 Iskenderun's Mystic Bla  Conj/Tloc      16%        2d5       83%         4


Dungeon Overview and Level Annotations

Branches:
Dungeon (5/15)
 Temple: D:4-7

Altars:
Dithmenos
Makhleb


Message History

Aim: a hound (lightly wounded, 100% to hit)
The magic dart hits the hound.
The hound is moderately wounded.
A hobgoblin comes into view.
The hobgoblin shouts!
There is a stone staircase leading down here.
Casting: Magic Dart (safe; 5% risk of failure)
Confirm with . or Enter, or press ? or * to list all spells.
You don't know that spell.
You can't go up here!
You climb downwards.
There is a stone staircase leading up here.
There is a stone staircase leading up here.
You can't go down here!
You climb upwards.
The gnoll shouts! x3
There is a stone staircase leading down here.
You can't go up here!
The gnoll hits you with a +0 whip.
You climb downwards.
There is a stone staircase leading up here.
You closely miss the gnoll. The gnoll barely misses you.
The gnoll hits you with a +0 whip.
You barely miss the gnoll. You block the gnoll's attack.
Magic restored.
The gnoll hits you with a +0 whip.
You climb upwards.
The goblin hits you but does no damage. You block the gnoll's attack.
The gnoll hits you with a +0 club. The goblin hits you with a +0 dagger.
The gnoll closely misses you. x2
There is a stone staircase leading down here.
You block the goblin's attack. The gnoll hits you with a +0 club. x2
The gnoll hits you with a +0 whip.
You climb downwards.
There is a stone staircase leading up here.
You closely miss the goblin. The gnoll hits you with a +0 club.
* * * LOW HITPOINT WARNING * * *
The gnoll hits you with a +0 club.
* * * LOW HITPOINT WARNING * * *
The goblin closely misses you. The gnoll barely misses you.
You miss the goblin. The gnoll hits you with a +0 club!
You die...

#..........#.# #...
..........<.##...!
####................
...#................
.....>.........###..
...............# .
...............#
.......g.....###
........@g...#
.......gg....#
.............#
.............#
....#.......##
...###.....## ###
#######


You could see 3 gnolls and a goblin.

Vanquished Creatures
  An adder (D:3)
  A gnoll (D:5)
  2 dart slugs
  An orc (D:3)
  4 endoplasms
  4 giant cockroaches
  6 goblins
  4 hobgoblins
  4 jackals (D:1)
  3 quokkas
  4 ball pythons
  3 bats
  3 frilled lizards
  8 kobolds
  6 rats
54 creatures vanquished.

Notes
Turn   | Place    | Note
-------+----------+-------------------------------------------
     0 | D:1      | Maluco the Human Conjurer began the quest for the Orb.
     0 | D:1      | Reached XP level 1. HP: 13/13 MP: 3/3
    93 | D:1      | Reached XP level 2. HP: 3/19 MP: 3/5
   469 | D:1      | Found a faded altar of an unknown god.
   637 | D:1      | Reached XP level 3. HP: 17/24 MP: 0/6
  2102 | D:3      | Reached XP level 4. HP: 30/30 MP: 2/7
  2688 | D:3      | Found a shadowy altar of Dithmenos.
  2693 | D:3      | Reached skill level 5 in Conjurations
  2710 | D:3      | HP: 1/31 [orc/+0 hand axe (3)]
  3153 | D:3      | You fall into a shaft and drop 2 floors!
  3153 | D:5      | Entered Level 5 of the Dungeon
  3190 | D:4      | Found a burning altar of Makhleb.
  3216 | D:5      | Slain by a gnoll

Illustrated notes

Levels and vault maps discovered:
D:1:      moated_graveyard_arrival, layout_basic, ebering_ecumenical_altar_mist,
          hangedman_abyss_or_decor_lesser_grid, hangedman_decor_riveting
D:2:      layout_basic
D:3:      layout_basic, nicolae_dithmenos_shadow_blocks
D:4:      layout_loops_corners, mainiacjoe_overflow_alcove_1,
          minmay_temple_entry_statues, ebering_ghost_gozag
D:5:      minmay_spotlight, layout_rooms, minitemple

Skill      XL: |  1  2  3  4 |
---------------+-------------+-----
Conjurations   | 5 |  5.0
Fighting       | |  0.9
Short Blades   | |  0.3
Armour         | |  0.1
Dodging        | |  2.4
Stealth        | |  2.2
Spellcasting   | |  2.3

Action                   |  1- 3 |  4- 6 || total
-------------------------+-------+-------++-------
Melee: Unarmed           |     7 |       ||     7
       Short sword       |    11 |       ||    11
       Club              |     3 |       ||     3
       Punch             |     1 |       ||     1
       Rapier            |     1 |    16 ||    17
Throw: Stone             |     1 |       ||     1
 Cast: Magic Dart        |    62 |    26 ||    88
  Use: Potion            |     1 |       ||     1
       Scroll            |     2 |       ||     2
 Stab: Sleeping          |     1 |       ||     1
Armor: Robe              |     7 |     2 ||     9
       Ring mail         |     2 |     1 ||     3
       Chain mail        |       |     4 ||     4
Dodge: Dodged            |    33 |    20 ||    53
Block: Buckler           |       |     5 ||     5

Table legend: (Time is in decaauts)
 A = Elapsed time spent in this place.
 B = Non-inter-level travel time spent in this place.
 C = Inter-level travel time spent in this place.
 D = Time resting spent in this place.
 E = Time spent auto-exploring this place.
 F = Levels seen in this place.
 G = Mean time per level.
                   A        B        C        D        E       F      G
               +--------+--------+--------+--------+--------+-----+--------+
         Total |   3220 |   2659 |    561 |    409 |    343 |   5 |  644.0 |
       Dungeon |   3220 |   2659 |    561 |    409 |    343 |   5 |  644.0 |
               +--------+--------+--------+--------+--------+-----+--------+

Top non-repeatable levels by time:
     D:1: 1255 daAuts
     D:3: 1003 daAuts
     D:2: 896 daAuts
     D:5: 52 daAuts
     D:4: 13 daAuts
